Map: Orbital Shipyard

Players

ILLBdA - Winner!

  • Race: Protoss Protoss
  • League: Platinum

Shang

  • Race: Protoss Protoss
  • League: Master

VOD

Have the link to the VOD?

Description

Time

  • Played on: Dec. 13, 2015, 10 a.m.
  • Length: 8:27
Show
View Real Time Build Order
Export as new Build Order

ILLBdA Protoss - Winner!

Build Orders:  

Get SALT Encoding   

  12  0:01  Probe (Chrono Boost)  
  13  0:11  Probe (Chrono Boost)  
  14  0:19  Pylon  
  14  0:22  Probe (Chrono Boost)  
  15  0:37  Probe (Chrono Boost)  
  15  0:38  Gateway  
  16  0:43  Assimilator  
  16  0:48  Probe (Chrono Boost)  
  17  0:58  Probe (Chrono Boost)  
  17  0:59  Assimilator  
  18  1:09  Probe (Chrono Boost)  
  19  1:19  Probe (Chrono Boost)  
  19  1:25  Cybernetics Core  
  20  1:30  Probe (Chrono Boost)  
  21  1:33  Pylon  
  21  1:40  Probe (Chrono Boost)  
  21  1:44  Pylon  
  22  1:51  Probe (Chrono Boost)  
  23  2:01  Adept (Chrono Boost)  
  23  2:02  Warp Gate (Chrono Boost)  
  23  2:05  Mothership Core  
  27  2:09  Gateway  
  27  2:10  Gateway  
  27  2:20  Gateway  
  27  2:29  Adept  
  29  2:45  Pylon  
  29  2:48  Probe  
  30  2:57  Stalker  
  30  2:58  Stalker  
  34  3:01  Stalker  
  36  3:23  Robotics Facility  
  36  3:48  Pylon  
  36  3:54  Stalker x2  
  40  3:56  Sentry x2  
  44  4:09  Warp Prism (Chrono Boost)  
  44  4:45  Adept x2  
  44  4:46  Immortal (Chrono Boost), Adept  
  50  5:04  Zealot  
  50  5:16  Stalker  
  50  5:17  Stalker  
  52  5:25  Immortal (Chrono Boost)  
  54  5:35  Probe  
  55  5:42  Zealot x2  
  53  5:58  Adept  
  53  5:59  Adept  
  53  6:18  Immortal (Chrono Boost)  
  55  6:30  Sentry  
  55  6:37  Pylon  
  53  6:40  Adept  
  47  6:49  Zealot x2  
  43  7:02  Adept x2  
  47  7:09  Immortal (Chrono Boost)  
  47  7:13  Adept x2  
  51  7:25  Sentry x2  
  55  7:42  Stalker  
  55  7:43  Observer (Chrono Boost)  
  58  7:44  Stalker  
  54  8:01  Stalker  
Show
View Real Time Build Order
Export as new Build Order

Shang Protoss 

Build Orders: Nexus First 

Get SALT Encoding   

  12  0:01  Probe (Chrono Boost)  
  13  0:14  Pylon  
  13  0:18  Probe (Chrono Boost)  
  15  0:28  Probe (Chrono Boost)  
  15  0:39  Probe (Chrono Boost)  
  16  0:49  Probe (Chrono Boost)  
  17  1:00  Nexus  
  17  1:12  Gateway  
  17  1:13  Probe (Chrono Boost)  
  18  1:23  Probe (Chrono Boost)  
  18  1:24  Assimilator  
  19  1:29  Assimilator  
  19  1:34  Probe (Chrono Boost)  
  20  1:42  Gateway  
  20  1:44  Probe (Chrono Boost)  
  21  1:55  Probe (Chrono Boost)  
  22  2:01  Cybernetics Core  
  22  2:05  Probe (Chrono Boost)  
  23  2:13  Zealot  
  25  2:16  Probe (Chrono Boost)  
  25  2:19  Pylon  
  26  2:26  Probe (Chrono Boost), Pylon  
  27  2:36  Probe (Chrono Boost)  
  28  2:37  Probe (Chrono Boost)  
  28  2:38  Stalker (Chrono Boost)  
  28  2:42  Stalker (Chrono Boost)  
  33  2:49  Mothership Core  
  35  2:57  Probe  
  36  3:04  Pylon  
  36  3:09  Probe  
  36  3:11  Probe  
  37  3:13  Warp Gate (Chrono Boost)  
  37  3:21  Probe  
  37  3:23  Pylon  
  38  3:27  Robotics Facility  
  38  3:32  Probe (Chrono Boost)  
  39  3:34  Probe (Chrono Boost)  
  39  3:38  Adept (Chrono Boost)  
  39  3:40  Adept (Chrono Boost)  
  44  3:44  Probe (Chrono Boost)  
  44  3:46  Probe (Chrono Boost)  
  46  3:51  Pylon  
  46  3:55  Probe (Chrono Boost)  
  47  3:57  Probe (Chrono Boost)  
  47  4:02  Gateway  
  48  4:05  Probe (Chrono Boost)  
  48  4:07  Probe (Chrono Boost)  
  50  4:16  Probe  
  49  4:24  Pylon  
  47  4:27  Pylon  
  47  4:28  Pylon  
  47  4:29  Adept  
  49  4:35  Immortal (Chrono Boost)  
  53  4:39  Pylon  
  53  4:44  Gateway  
  51  4:47  Probe  
  51  4:49  Gateway  
  51  4:51  Pylon  
  52  5:05  Gateway  
  43  5:22  Adept  
  43  5:24  Immortal (Chrono Boost)  
  43  5:26  Gateway  
  45  5:44  Pylon  
  45  5:46  Adept x3  
  51  5:57  Pylon  
  51  5:59  Pylon  
  51  6:03  Pylon  
  53  6:11  Immortal (Chrono Boost), Adept  
  55  6:24  Gateway  
  55  6:25  Sentry x2  
  55  6:30  Gateway  
  59  6:44  Adept  
  49  6:57  Adept  
  41  7:07  Adept  
  37  7:09  Immortal (Chrono Boost)  
  37  7:12  Mothership Core  
  43  7:19  Adept  
  45  7:24  Pylon  
  45  7:25  Pylon  
  45  7:28  Adept  
  47  7:41  Pylon  
Tags
 
Matchup
PvP
Replay Pack
me
Add a new tag
Caveats
  • Supply blocks, unpowered buildings, or Contaminate may cause inaccurate times.
  • Supply counts are checked every 10 seconds.